Unix NetHack Version 3.7.0-69 Work-in-progress - last build Jan 17 2023 02:48:11 (52afb19a5a75bd13c37bd07f7a1a2262d275dfea,branch:master). Game began 2023-01-18 10:33:57, ended 2023-01-18 10:48:22. Kontroller, lawful male human Knight -------- |.......###### ------ ----- ------- |......| |.....# |...| |.....| |.......#######-....|######## ##### |...| |.....| |......| |....|## -|----------# #..{.| |.....| |......| |....|## |..........|# #|...| |.....| ----|--- ------#### |.>........|# #|...| ---|--- ################## # |..........|# #----- ## # ###|..........|# #### # # #...........|# # # # |...........# # ----|- #` ------------## ###### # |.<..| ---|-------- #####---|-# |....-### |..^.......| #@q..|# |....| ###-...........#############################%%#|..F|# ------ |..........| |....# |..........| |...| |..........| |...| ------------ ----- Kontroller the Esquire St:18/02 Dx:9 Co:11 In:7 Wi:15 Ch:17 Lawful S:1278 Dlvl:3 $:0 HP:0(41) Pw:53(53) AC:4 Xp:5/240 T:2223 Burdened Latest messages: You are conscious again. You kill the gecko! There is a pony corpse here; eat it? [ynq] (n) n What do you want to eat? [ghrO or ?*] O You consume the last bite of your meal. You hear someone cursing shoplifters. You stop searching. The gecko bites! You miss the gecko. The gecko misses! You miss the gecko. The gecko bites! You kill the gecko! You have a little trouble lifting r - a food ration (6 in total). You hear the chime of a cash register. You hear the splashing of a naiad. You hear the footsteps of a guard on patrol. You hear someone cursing shoplifters. You hear the splashing of a naiad. You are beginning to feel hungry. You stop searching. You continue digging. You hit the rock with all your might. You succeed in cutting away some rock. What do you want to eat? [ghr or ?*] r Blecch! Rotten food! You feel rather light headed. You finish eating the food ration. You feel less confused now. You miss the rothe. The rothe hits! The rothe bites! The rothe bites! You miss the rothe. The rothe hits! The rothe bites! The rothe bites! You miss the rothe. You miss the rothe. The rothe hits! The rothe misses! The rothe misses! You miss the rothe. The rothe hits! The rothe bites! The rothe bites! The rothe hits! You die... Do you want your possessions identified? [ynq] (y) y Do you want to see your attributes? [ynq] (y) q Inventory: Weapons x - 6 cursed +0 crossbow bolts y - 24 +0 darts M - 4 +0 daggers N - a cursed +0 dwarvish mattock (weapon in hands) a - a +1 long sword b - a +1 lance Armor d - a blessed +0 helmet (being worn) f - an uncursed +0 pair of leather gloves (being worn) e - an uncursed +0 small shield c - an uncursed +1 ring mail (being worn) Comestibles g - 2 uncursed apples h - 11 uncursed carrots r - 5 uncursed food rations Scrolls Z - an uncursed scroll of light i - an uncursed scroll of punishment Potions T - an uncursed potion of acid G - an uncursed potion of blindness R - an uncursed potion of hallucination q - an uncursed potion of restore ability Rings u - an uncursed ring of cold resistance z - a cursed ring of polymorph j - an uncursed ring of regeneration Wands Q - a wand of light (0:12) B - a wand of locking (0:3) Tools k - a cursed oilskin sack containing 12 items J - a cursed brass lantern K - an uncursed magic whistle W - an uncursed oil lamp (lit) D - a +0 pick-axe Contents of the oilskin sack: 108 gold pieces an uncursed scroll of enchant weapon a blessed scroll of identify an uncursed amethyst stone a cursed worthless piece of black glass 4 uncursed worthless pieces of blue glass 2 uncursed worthless pieces of orange glass a cursed worthless piece of red glass an uncursed worthless piece of violet glass an uncursed worthless piece of white glass an uncursed worthless piece of yellow glass 2 cursed worthless pieces of yellow glass Kontroller the Knight's attributes: Background: You were an Esquire, a level 5 male human Knight. You were lawful, nominally on a mission for Lugh who was opposed by Brigit (neutral) and Manannan Mac Lir (chaotic). You were in the Dungeons of Doom, on level 3. You entered the dungeon 2223 turns ago. You had 240 experience points, 80 more were needed to attain level 6. Your score was 1278 before end-of-game adjustments. Basics: You had 0 out of 41 hit points. You had all 53 energy points (spell power). Your armor class was 4. Your wallet was empty, but you had 108 zorkmids stashed away in your pack. Autopickup was off. Final Characteristics: Your strength was 18/02 (limit:18/100). Your dexterity was 9 (limit:18). Your constitution was 11 (limit:18). Your intelligence was 7 (limit:18). Your wisdom was 15 (limit:18). Your charisma was 17 (limit:18). Final Status: You were not hungry. You were burdened; movement was slightly slowed. You were wielding a mattock. You were unskilled in pick-axe. Final Attributes: You were piously aligned. You could jump. You were warded. You are dead. Miscellaneous: You never encountered a bones level. Total elapsed playing time was 14 minutes and 25 seconds. Major events: Turn 1: Kontroller the lawful male human Knight entered the dungeon 858: entered the Gnomish Mines 869: attained the rank of Esquire (level 3) 2223: killed by a rothe Vanquished creatures: a pony 2 gnome leaders a giant ant a floating eye 3 dwarves 2 homunculi 2 hill orcs a rabid rat a giant bat a monkey a wererat a large kobold 2 giant rats a brown mold a yellow mold 19 gnomes 3 geckos 2 jackals a sewer rat 2 grid bugs 3 lichens a kobold zombie 2 newts 54 creatures vanquished. No species were genocided or became extinct. Voluntary challenges: You were an atheist. You read items or engraved 2 times. You never engraved Elbereth. You never genocided any monsters. You never polymorphed an object. You never changed form. You used no wishes. Achievements: You entered the Gnomish Mines. You attained the rank of Esquire. The Dungeons of Doom: levels 1 to 3 Level 1: Level 2: Stairs down to The Gnomish Mines. Level 3: <- You were here. A fountain. Final resting place for you, killed by a rothe. The Gnomish Mines: levels 3 to 5 Level 3: Level 4: Level 5: Game over: ---------- / \ / REST \ / IN \ / PEACE \ / \ | Kontroller | | 108 Au | | killed by a | | rothe | | | | | | 2023 | *| * * * | * _________)/\\_//(\/(/\)/\//\/|_)_______ Fare thee well Kontroller the Knight... You died in The Dungeons of Doom on dungeon level 3 with 1268 points, and 108 pieces of gold, after 2223 moves. You were level 5 with a maximum of 41 hit points when you died.